 Dungeon Crawl Stone Soup version 0.27-a0-1049-g450f9b2e0d (webtiles) character file.

Game seed: 10011504241105998009

1799 kae the Ruffian (level 9, -7/78 HPs)
             Began as a Naga Transmuter on Apr 20, 2021.
             Mangled by an orc
             ... wielding a +1 hand axe of electrocution
              (17 damage)
             ... on level 6 of the Dungeon.
             The game lasted 00:05:25 (6869 turns).

kae the Ruffian (Naga Transmuter)                   Turns: 6869, Time: 00:05:25

Health: -7/78      AC:  4    Str: 13    XL:     9   Next: 9%
Magic:  1/15       EV: 10    Int: 17    God:
Gold:   571        SH:  0    Dex: 11    Spells: 3/16 levels left

rFire    . . .     SeeInvis +     - Unarmed
rCold    . . .     Faith    .   (no shield)
rNeg     . . .     Spirit   .   a - +0 robe
rPois    +         Reflect  .   (no helmet)
rElec    .         Harm     .   (no cloak)
rCorr    .         Rampage  .   (no gloves)
Will     +....                  (no barding)
Stlth    +.........             b - amulet of regeneration
HPRegen  1.23/turn              (no ring)
MPRegen  0.14/turn              (no ring)

@: very slightly contaminated, very slow
A: AC +3, large, see invisible, deformed body, poison resistance, slowness 2,
spit poison 1, naga tail 1
a: Spit Poison


You were on level 6 of the Dungeon.
You visited 1 branch of the dungeon, and saw 6 of its levels.
You also visited: Ossuary.

You collected 571 gold pieces.

Inventory:

Missiles
 i - a throwing net
Armour
 a - a +0 robe (worn)
Jewellery
 b - an amulet of regeneration (around neck)
Scrolls
 c - 3 scrolls of vulnerability
 k - 2 scrolls of blinking
 p - a scroll of silence {unknown}
 q - a scroll of enchant weapon
Potions
 d - 3 potions of curing
 e - 2 potions of lignification
 f - 2 potions of might
 g - 2 potions of haste
 h - a potion of cancellation
 j - 5 potions of heal wounds {unknown}
 l - a potion of brilliance {unknown}
 m - a potion of invisibility {unknown}
 n - 3 potions of flight {unknown}
 o - a potion of magic {unknown}


   Skills:
 + Level 3.8 Fighting
 + Level 3.5 Dodging
 * Level 6.3 Unarmed Combat
 + Level 4.0 Spellcasting
 * Level 5.8 Transmutations
 - Level 4.0 Ice Magic
 - Level 3.0 Poison Magic


You had 3 spell levels left.
You knew the following spells:

 Your Spells              Type           Power      Damage    Failure   Level
a - Beastly Appendage     Tmut           46%        N/A       1%          1
b - Spider Form           Tmut/Pois      9%         N/A       8%          3
c - Ice Form              Ice/Tmut       20%        N/A       22%         4
d - Hydra Form            Tmut           11%        N/A       38%         5

Your spell library contained the following spells:

 Spells                   Type           Power      Damage    Failure   Level
 Wereblood                Tmut           23%        N/A       2%          2


Dungeon Overview and Level Annotations

Branches:
Dungeon (6/15)            Ossuary (visited)
 Temple: D:4-7

Altars:
Nemelex Xobeh
Sif Muna
The Shining One

Shops:
D:1 [[!


Innate Abilities, Weirdness & Mutations

Your serpentine skin is tough. (AC +3)
You have supernaturally acute eyesight. (SInv)
Armour fits poorly on your strangely shaped body.
Your system is resistant to poisons. (rPois)
You cover ground very slowly.
You can spit poison.
You have a snake-like lower body.


Message History

The orc hits you with a +1 hand axe of electrocution.
You are electrocuted!
The orc hits you with a +0 war axe.
You are too injured to fight recklessly!
You are too injured to fight recklessly!
You are too injured to fight recklessly!
You are too injured to fight recklessly!
You are too injured to fight recklessly!
You closely miss the orc.
The orc hits you with a +1 hand axe of electrocution.
The orc completely misses you.
You hit the orc. You punch the orc, but do no damage.
The orc is lightly wounded.
The orc hits you with a +1 hand axe of electrocution.
The orc hits you with a +0 war axe!
You hit the orc.
The orc is heavily wounded.
The orc hits you with a +1 hand axe of electrocution.
You closely miss the orc.
The orc is heavily wounded.
The orc hits you with a +0 war axe.
* * * LOW HITPOINT WARNING * * *
The orc hits you with a +1 hand axe of electrocution.
* * * LOW HITPOINT WARNING * * *
You hit the orc but do no damage.
The orc is heavily wounded.
The orc completely misses you. The orc closely misses you.
You barely miss the orc.
The orc is heavily wounded.
The orc hits you with a +0 war axe.
* * * LOW HITPOINT WARNING * * *
You hit the orc but do no damage.
The orc is heavily wounded.
The orc barely misses you. The orc hits you with a +0 war axe!
* * * LOW HITPOINT WARNING * * *
You punch the orc!
You kill the orc!
The orc hits you with a +1 hand axe of electrocution.
* * * LOW HITPOINT WARNING * * *
You are electrocuted!
You die...

#..# ## #..# #..
#..###...... ............
#....#..... #.........
##.#####).# ..# .#
.....oo@..###.# .#
##########..##.## ##.###
................###.......
#############....#...... .
#..#..#.# # #.[...#.######
#.#.#.........
#.#.###.###### #.#.# #.#
###


You could see an orc wizard and an orc.

Vanquished Creatures
  Sigmund (D:2)
  A black bear (D:5)
  A sky beast (D:4)
  2 necrophages
  3 ogres
  A centaur (D:5)
  A phantom (D:4)
  An elf zombie (D:5)
  A gnoll sergeant (D:5)
  An elf skeleton (D:5)
  A bullfrog zombie (D:5)
  A centaur zombie (D:5)
  A jelly (D:3)
  A human zombie (D:5)
  A hound (D:5)
  2 iguanas
  2 human skeletons (D:5)
  Natasha (thrice) (D:2)
  An orc wizard (D:3)
  2 hound zombies (D:5)
  A hound skeleton (D:4)
  8 mummies (Ossuary)
  A howler monkey zombie (D:5)
  6 adders
  3 gnolls (D:5)
  A howler monkey skeleton (D:4)
  An ufetubus (D:5)
  A worm (D:2)
  A dart slug (D:3)
  8 orcs
  6 bats
  6 endoplasms
  4 giant cockroaches
  6 goblins
  3 hobgoblins
  7 jackals (D:3)
  A quokka (D:4)
  7 ball pythons
  4 frilled lizards
  A hobgoblin zombie (Ossuary)
  8 kobolds
  3 kobold zombies (Ossuary)
  An orc skeleton (D:5)
  4 orc zombies (Ossuary)
  8 rats
128 creatures vanquished.

Notes
Turn   | Place    | Note
-------+----------+-------------------------------------------
     0 | D:1      | kae the Naga Transmuter began the quest for the Orb.
     0 | D:1      | Reached XP level 1. HP: 18/18 MP: 3/3
    57 | D:1      | Found Zabb's Distillery.
   389 | D:1      | Reached XP level 2. HP: 24/25 MP: 5/5
   531 | D:1      | Found Viw Tade's Antique Armour Boutique.
   562 | D:1      | Found a faded altar of an unknown god.
   732 | D:1      | Found Kekif's Armour Shop.
  1466 | D:2      | Noticed Sigmund
  1645 | D:2      | Reached XP level 3. HP: 31/31 MP: 6/6
  1649 | D:2      | Learned a level 3 spell: Spider Form
  1660 | D:2      | Found a shimmering blue altar of Sif Muna.
  1748 | D:2      | Killed Sigmund
  1749 | D:2      | Reached skill level 4 in Unarmed Combat
  1749 | D:2      | Reached XP level 4. HP: 29/39 MP: 3/7
  1749 | D:2      | Reached XP level 5. HP: 34/45 MP: 3/8
  2080 | D:2      | Noticed Natasha
  2088 | D:2      | Killed Natasha
  2292 | D:2      | Noticed Natasha
  2300 | D:2      | Killed Natasha
  2301 | D:2      | Reached skill level 1 in Poison Magic
  2301 | D:2      | Reached XP level 6. HP: 35/52 MP: 6/10
  2434 | D:2      | Noticed Natasha
  2448 | D:2      | Killed Natasha
  3455 | D:3      | Learned a level 4 spell: Ice Form
  3950 | D:3      | Found a glowing golden altar of the Shining One.
  3950 | D:3      | Found a shimmering blue altar of Sif Muna.
  4231 | D:4      | Noticed a necrophage
  4235 | D:4      | Reached skill level 1 in Ice Magic
  4235 | D:4      | Reached XP level 7. HP: 46/61 MP: 8/11
  4535 | D:4      | Found a sparkling altar of Nemelex Xobeh.
  4706 | D:4      | Reached skill level 5 in Unarmed Combat
  5081 | D:5      | Entered Level 5 of the Dungeon
  5151 | D:5      | Reached XP level 8. HP: 68/68 MP: 8/12
  5266 | D:5      | Found a sand-covered staircase.
  5356 | Ossuary  | Entered an ossuary
  5441 | Ossuary  | Reached skill level 5 in Transmutations
  6184 | D:5      | Reached skill level 6 in Unarmed Combat
  6400 | D:5      | Reached XP level 9. HP: 60/78 MP: 9/14
  6750 | D:6      | Learned a level 5 spell: Hydra Form
  6869 | D:6      | Mangled by an orc

Illustrated notes

Levels and vault maps discovered:
D:1:      beargit_arrival_diablo_church, layout_basic,
          ebering_ecumenical_altar_hall, serial_shops, shop,
          nicolae_shop_overgrown_old_shop, nicolae_shop_waterfront
D:2:      layout_basic, basic_altar, kennysheep_generic_room_2, uniq_natasha,
          uniq_sigmund
D:3:      layout_rooms, gammafunk_temple_overflow_elements
D:4:      layout_loops_ring, lemuel_round_altar
D:5:      layout_gridville, nicolae_ossuary_entry_catacombs
D:6:      layout_loops_ring, minmay_temple_entry_proselytizer

Skill      XL: |  1  2  3  4  5  6  7  8  9 |
---------------+----------------------------+-----
Fighting       | 2 3 |  3.8
Dodging        | 2 3 |  3.5
Unarmed Combat | 4 5 6 |  6.3
Transmutations | 3 4 5 |  5.8
Poison Magic   | 1 2 3 |  3.0
Spellcasting   | 3 4 |  4.0
Ice Magic      | 1 2 3 4 |  4.0

Action                   |  1- 3 |  4- 6 |  7- 9 || total
-------------------------+-------+-------+-------++-------
Melee: Unarmed           |    49 |   118 |   250 ||   417
       Headbutt          |     3 |     1 |       ||     4
       Punch             |     1 |       |     1 ||     2
 Cast: Beastly Appendage |    13 |     4 |       ||    17
       Spider Form       |     1 |    25 |    10 ||    36
       Ice Form          |       |       |    15 ||    15
 Abil: Spit Poison       |    19 |    26 |     5 ||    50
  Use: Scroll            |       |     6 |     6 ||    12
Armor: Robe              |    19 |     8 |    26 ||    53
       Skin              |       |     6 |    40 ||    46
Dodge: Dodged            |    34 |   123 |   134 ||   291

Table legend: (Time is in decaauts)
 A = Elapsed time spent in this place.
 B = Non-inter-level travel time spent in this place.
 C = Inter-level travel time spent in this place.
 D = Time resting spent in this place.
 E = Time spent auto-exploring this place.
 F = Levels seen in this place.
 G = Mean time per level.
                   A        B        C        D        E       F      G
               +--------+--------+--------+--------+--------+-----+--------+
         Total |   8083 |   7598 |    485 |     26 |   6415 |   7 | 1154.7 |
       Dungeon |   7671 |   7186 |    485 |      7 |   6148 |   6 | 1278.5 |
       Ossuary |    411 |    411 |      0 |     19 |    267 |   1 |  411.0 |
               +--------+--------+--------+--------+--------+-----+--------+

Top non-repeatable levels by time:
     D:1: 1986 daAuts
     D:2: 1550 daAuts
     D:5: 1461 daAuts
     D:4: 1325 daAuts
     D:3: 1208 daAuts
 Ossuary: 411 daAuts
     D:6: 137 daAuts
